Map: Pylon LE

Players

ManlyManMeat

  • Race: Zerg Zerg
  • League: Diamond
  • Spawn Location: 11:00

VOD

Have the link to the VOD?

Description

Time

  • Played on: June 22, 2025, 1:31 p.m.
  • Length: 4:12
Show
View Real Time Build Order
Export as new Build Order

ManlyManMeat Zerg 

Build Orders:  

Get SALT Encoding   

  12  0:00  Drone  
  13  0:11  Drone  
  14  0:20  Extractor  
  14  0:22  Drone  
  15  0:30  Overlord  
  15  0:57  Drone  
  16  1:08  Hatchery  
  15  1:11  Drone  
  15  1:17  Drone  
  17  1:22  Drone  
  18  1:43  Extractor  
  18  1:45  Spawning Pool  
  16  1:55  Drone  
  16  1:59  Drone  
  18  2:03  Drone  
  19  2:20  Drone  
  20  2:51  Queen x2  
  20  2:53  Zergling x4  
  20  2:59  Overlord  
  26  3:14  Drone  
  26  3:16  Drone  
  28  3:26  Drone x2  
  30  3:48  Drone x3  
Tags
 
League
Diamond
Matchup
Co-op
Replay Pack
Myownreplay2
Add a new tag
Caveats
  • Supply blocks, unpowered buildings, or Contaminate may cause inaccurate times.
  • Supply counts are checked every 10 seconds.